 Dungeon Sprint DCSS version 0.27-a0-216-g1fbed8a51c (webtiles) character file.

Game seed: 8535380494991294950

146 mhtbhm the Insei (level 5, -1/33 HPs)
             Began as an Octopode Transmuter on Jan 31, 2021.
             Slain by an ice devil (17 damage)
             ... summoned by a kobold demonologist
             ... in the Dungeon (Sprint III: "The Ten Rune Challenge").
             The game lasted 00:01:19 (989 turns).

mhtbhm the Insei (Octopode Transmuter)               Turns: 989, Time: 00:01:19

Health: -1/33      AC:  1    Str: 10    XL:     5   Next: 28%
Magic:  8/11       EV: 15    Int: 16    God:
Gold:   33         SH:  0    Dex: 12    Spells: 2/12 levels left

rFire    . . .     SeeInvis .     - Unarmed
rCold    . . .     Faith    .   (no shield)
rNeg     . . .     Spirit   .   (helmet restricted)
rPois    .         Reflect  .   (no amulet)
rElec    .         Harm     .   (no ring)
rCorr    .         Rampage  .   (no ring)
Will     .....     NoTele   +   (no ring)
Stlth    +++.......             (no ring)
HPRegen  0.11/turn              (no ring)
MPRegen  0.12/turn              (no ring)
                                (no ring)
                                (no ring)

@: wereblooded
A: almost no armour, stealthy swim, amphibious, 8 rings, constrict 8, fangs 1,
camouflage 1, wild magic 1, gelatinous body 1
a: no special abilities


You were in the Dungeon.
You visited 1 branch You collected 33 gold pieces.

Inventory:

Scrolls
 a - 3 scrolls of identify {unknown}
 g - a scroll of blinking
 i - a scroll of immolation {unknown}
 j - 4 scrolls of remove curse
 m - a scroll of holy word {unknown}
Potions
 b - 3 potions of curing
 d - a potion of haste
 e - 2 potions of magic
 f - a potion of berserk rage
 h - 2 potions of mutation
 k - a potion of invisibility {unknown}
 l - 2 potions of flight


   Skills:
 + Level 1.5 Fighting
 + Level 4.1 Dodging
 - Level 2.3 Stealth
 + Level 7.6 Unarmed Combat
 + Level 4.2 Spellcasting
 + Level 4.1 Transmutations
 + Level 1.5 Poison Magic


You had 2 spell levels left.
You knew the following spells:

 Your Spells              Type           Power        Failure   Level
a - Beastly Appendage     Tmut           42%          5%          1
b - Wereblood             Tmut           21%          8%          2
c - Spider Form           Tmut/Pois      8%           22%         3
d - Ice Form              Ice/Tmut       13%          65%         4

Your spell library contained the following spells:

 Spells                   Type           Power        Failure   Level
 Blade Hands              Tmut           10%          71%         5


Dungeon Overview and Level Annotations

Branches:
Dungeon (1/1)

Altars:
Kikubaaqudgha
Sif Muna
Vehumet


Innate Abilities, Weirdness & Mutations

You cannot wear most types of armour.
You are very stealthy in the water. (Stealth+)
You are amphibious.
You can wear up to eight rings at the same time.
You can use your tentacles to constrict eight enemies at once.
Your skin changes colour to match your surroundings (Stealth+).
Your rubbery body absorbs attacks. (AC +1, EV +1)
You have very sharp teeth.
Your spells are a little harder to cast, but a little more powerful.


Message History

You are too injured to fight recklessly!
You are too injured to fight recklessly!
You are too injured to fight recklessly!
Unknown command.
You hit the kobold demonologist.
The kobold demonologist is poisoned.
The kobold demonologist is moderately wounded.
The kobold demonologist hits you with a +0 dagger.
* * * LOW HITPOINT WARNING * * *
The ice devil misses you.
You hiss as the wereblood boils in your veins!
Your transformation is almost over.
The kobold demonologist mumbles some strange words.
The kobold demonologist looks more healthy.
There is an open door to the Ecumenical Temple, spattered with blood here.
Your transformation has ended.
The kobold demonologist mumbles some strange words.
The kobold demonologist casts a cantrip, but nothing happens.
You feel much better. The ice devil hits you! The ice devil freezes you!
Ouch! That really hurt!
You die...

▓#'####....♣.♣ ♣♣.#
▓.....#....≈.♣♣♣..###+#+##
▓†....#...≈≈♣♣♣...#.......
▓.....#..≈≈≈≈.♣...'.⌠.....
▓####'#..≈≈≈≈≈≈♣♣.#...####
▓...)†#.≈≈≈≈≈≈....#.⌠.#
▓.....#.≈≈≈≈≈.K...#K..#
▓.....#.≈≈≈....4..#'###
▓'#####..@4..4....#4)$#
▓.................#___#
▓▓▓▓▓▓▓▓▓▓▓▓▓▓▓▓▓▓▓▓▓▓▓


You could see 2 ice devils, a kobold demonologist and a red devil (summoned).

Vanquished Creatures
  A water elemental (D)
  A wizard (D)
  Jessica (D)
  A human (D)
  A wolf (D)
  3 rats (D)
8 creatures vanquished.

Notes
Turn   | Place    | Note
-------+----------+-------------------------------------------
     0 | D        | mhtbhm the Octopode Transmuter began the quest for the Orb.
     0 | D        | Reached XP level 1. HP: 13/13 MP: 3/3
    83 | D        | Noticed Jessica
    89 | D        | Killed Jessica
    90 | D        | Reached skill level 1 in Stealth
    90 | D        | Reached skill level 5 in Unarmed Combat
    90 | D        | Reached XP level 2. HP: 18/18 MP: 2/5
    90 | D        | Reached XP level 3. HP: 23/23 MP: 2/7
   237 | D        | Learned a level 2 spell: Wereblood
   241 | D        | Learned a level 3 spell: Spider Form
   532 | D        | Reached skill level 6 in Unarmed Combat
   532 | D        | Reached XP level 4. HP: 20/28 MP: 5/8
   660 | D        | Gained mutation: You have very sharp teeth. [potion of
                  | mutation]
   660 | D        | Gained mutation: Your spells are a little harder to cast,
                  | but a little more powerful. [potion of mutation]
   669 | D        | Noticed a water elemental
   679 | D        | HP: 1/28 [water elemental (16)]
   681 | D        | Killed a water elemental
   682 | D        | Reached skill level 7 in Unarmed Combat
   682 | D        | Reached skill level 1 in Poison Magic
   682 | D        | Reached XP level 5. HP: 2/33 MP: 8/10
   882 | D        | Learned a level 4 spell: Ice Form
   966 | D        | Found a radiant altar of Vehumet.
   966 | D        | Found a shimmering blue altar of Sif Muna.
   966 | D        | Found an ancient bone altar of Kikubaaqudgha.
   971 | D        | Noticed an ice devil
   977 | D        | Noticed a red devil
   987 | D        | Noticed an ice devil
   989 | D        | Slain by an ice devil

Illustrated notes

Levels and vault maps discovered:
D:        dungeon_sprint_mu [sprint_mu_entry_forest, sprint_mu_temple_rooms,
          sprint_mu_d1_spiders, sprint_mu_d2_genie, sprint_mu_d3_branching,
          sprint_mu_orc_legion, sprint_mu_elf_gauntlet, sprint_mu_hive_nellie,
          sprint_mu_lair_fedhas, sprint_mu_vaults_butterflies,
          sprint_mu_slime_circle, sprint_mu_shoals_archi,
          sprint_mu_snake_twists, sprint_mu_blade_basic,
          sprint_mu_crypt_fortress, sprint_mu_tomb_spiral,
          sprint_mu_vestibule_basic, sprint_mu_gehenna_hellfire,
          sprint_mu_dis_giant, sprint_mu_tartarus_statrot,
          sprint_mu_cocytus_islands, sprint_mu_zot1]

Skill      XL: |  1  2  3  4  5 |
---------------+----------------+-----
Stealth        | 1 2 |  2.3
Unarmed Combat | 5 6 7 |  7.6
Dodging        | 3 4 |  4.1
Spellcasting   | 3 4 |  4.2
Transmutations | 3 4 |  4.1
Poison Magic   | 1 |  1.5
Fighting       | |  1.5

Action                   |  1- 3 |  4- 6 || total
-------------------------+-------+-------++-------
Melee: Unarmed           |    17 |    16 ||    33
       Constrict         |     3 |       ||     3
       Kick              |     1 |     5 ||     6
       Tentacles         |       |     1 ||     1
 Cast: Beastly Appendage |     1 |     1 ||     2
       Spider Form       |     2 |     1 ||     3
       Wereblood         |       |     1 ||     1
  Use: Potion            |       |     2 ||     2
 Stab: Sleeping          |     2 |     1 ||     3
Dodge: Dodged            |     7 |    10 ||    17

Table legend: (Time is in decaauts)
 A = Elapsed time spent in this place.
 B = Non-inter-level travel time spent in this place.
 C = Inter-level travel time spent in this place.
 D = Time resting spent in this place.
 E = Time spent auto-exploring this place.
 F = Levels seen in this place.
 G = Mean time per level.
                   A        B        C        D        E       F      G
               +--------+--------+--------+--------+--------+-----+--------+
         Total |    985 |    985 |      0 |    833 |      1 |   1 |  985.0 |
       Dungeon |    985 |    985 |      0 |    833 |      1 |   1 |  985.0 |
               +--------+--------+--------+--------+--------+-----+--------+

Top non-repeatable levels by time:
       D: 985 daAuts
